Selects Airborne Battlegroup
Selects Heavy Machine Gun Paradrop
Selects Smoke Bombing Run
Heavy Machine Gun Paradrop
Heavy Machine Gun Paradrop
Mechanized Support Center
Construct Medical Station
Selects Paratrooper Squad Paradrop
Paratrooper Squad Paradrop
Paratrooper Squad Paradrop
Paratrooper Squad Paradrop
Selects Anti-tank Gun Team Paradrop
Paratrooper Squad Paradrop
Selects Dual P-47 Rocket Strike
M4A1(76) Sherman Medium Tank
Designate Forward Repair Station
M4A1(76) Sherman Medium Tank
M4A1(76) Sherman Medium Tank
Designate Forward Repair Station
Construct Weapon Support Center
Improved M9 Bazooka Rockets
Designate Forward Repair Station
M4A1(76) Sherman Medium Tank
Designate Forward Repair Station
M4A1(76) Sherman Medium Tank
Anti-tank Gun Team Paradrop
Anti-tank Gun Team Paradrop
Heavy Machine Gun Paradrop